 Dungeon Crawl Stone Soup version 0.25-a0-663-gace7076f2c (webtiles) character file.

Game seed: 6193039693201795390, levelgen mode: deterministic

13 Alarkh the Insei (level 2, 4/24 HPs)
             Began as a Demonspawn Monk on Mar 25, 2020.
             Got out of the dungeon alive.
             The game lasted 00:00:40 (212 turns).

Alarkh the Insei (Demonspawn Monk)                   Turns: 212, Time: 00:00:40

Health: 4/24       AC:  2    Str: 11    XL:     2   Next: 24%
Magic:  2/2        EV: 13    Int: 11    God:
Gold:   0          SH:  0    Dex: 15    Spells: 1/1 levels left

rFire    . . .     SeeInvis .     - Unarmed
rCold    . . .     Gourm    .   (no shield)
rNeg     . . .     Faith    .   a - +0 robe
rPois    .         Spirit   +   (no helmet)
rElec    .         Reflect  .   (no cloak)
rCorr    .         Harm     .   (no gloves)
MR       .....                  (no boots)
Stlth    ++........             (no amulet)
HPRegen  0.08/turn              (no ring)
MPRegen  0.08/turn              (no ring)

@: no status effects
A: magic shield
a: no special abilities


You escaped.
You were not hungry.

You visited 1 branch of the dungeon, and saw 1 of its levels.

Inventory:

Armour
 a - a +0 robe (worn)
Scrolls
 c - a scroll of magic mapping {unknown}
 e - a scroll of enchant weapon {unknown}
Comestibles
 b - a ration
 d - 2 chunks of flesh


   Skills:
 - Level 3.0 Fighting
 - Level 2.6 Dodging
 - Level 1.7 Stealth
 + Level 3.4 Unarmed Combat


You had one spell level left.
You didn't know any spells.
Your spell library was empty.

Dungeon Overview and Level Annotations

Branches:
Dungeon (1/15)

Altars:


Innate Abilities, Weirdness & Mutations

When hurt, damage is shared between your health and your magic reserves.


Message History

* * * LOW HITPOINT WARNING * * *
You barely miss the frilled lizard. The frilled lizard misses you.
You aren't carrying any potions.
The frilled lizard misses you.
There is an open door here.
There is a stone staircase leading down here.
A hobgoblin comes into view. It is wielding a +0 club.
The hobgoblin shouts!
You enter the shallow water.
Moving in this stuff is going to be slow.
The frilled lizard barely misses you. The hobgoblin misses you.
The hobgoblin splashes around in the water.
The hobgoblin completely misses you.
The frilled lizard bites you but does no damage.
The hobgoblin closely misses you.
There is a large open door here.
There is a staircase leading out of the dungeon here.
Are you sure you want to leave the Dungeon?
This will make you lose the game!
You have escaped!

## #### #########...#
.###..####...........#.
##...................'
#...................##.#
#.....(...#≈≈≈≈≈≈§≈≈≈#..
#.....(...#≈8≈≈≈≈≈≈8≈...
##...(.(...#≈≈8≈≈≈≈8≈≈.##
.#.........#≈≈≈####≈≈§§#
.#.........#≈§§#@.#≈≈§§##
.#.........#≈≈§#gl#≈§§..#
.)...###+#.#§§≈#g'#≈≈§#.#
.g.).# ...#≈≈8§g§≈8≈≈#
.....# #..#≈8≈§§§§≈8≈#
.....# #..#≈≈l§§§≈≈≈≈######
.....####..###...)..........
.....l..g.>##........#######
.....######....#####.#


You could see 2 hobgoblins, a goblin and a frilled lizard.

Vanquished Creatures
  2 bats (D:1)
  2 giant cockroaches (D:1)
  2 goblins (D:1)
  A hobgoblin (D:1)
  A kobold (D:1)
  A frilled lizard (D:1)
  2 rats (D:1)
11 creatures vanquished.

Notes
Turn   | Place    | Note
-------+----------+-------------------------------------------
     0 | D:1      | Alarkh the Demonspawn Monk began the quest for the Orb.
     0 | D:1      | Reached XP level 1. HP: 18/18 MP: 1/1
   157 | D:1      | Gained mutation: When hurt, damage is shared between your
                  | health and your magic reserves. [demonic ancestry]
   157 | D:1      | Reached XP level 2. HP: 21/24 MP: 2/2
   174 | D:1      | HP: 1/24 [frilled lizard (2)]
   212 | D:$      | Got out of the dungeon alive.

Levels and vault maps discovered:
D:1:      lightli_arrival_boilingwater, layout_basic, roderic_roman_lattice

Skill      XL: |  1 |
---------------+----+-----
Unarmed Combat | 3 |  3.4
Fighting       | |  3.0
Dodging        | |  2.6
Stealth        | |  1.7

Action                   || total
-------------------------++-------
Melee: Unarmed           ||    41
       Punch             ||     1
  Use: Potion            ||     1
Armor: Robe              ||    13
Dodge: Dodged            ||    47

Table legend:
 A = Non-vault XP
 B = Vault XP
 C = Vault XP percentage of total XP
 D = Non-vault monster count
 E = Vault monster count
 F = Vault count percentage of total count
                 A         B        C        D         E       F
            +---------+---------+-------+---------+---------+-------
      Total |      19 |       0 |   0.0 |      11 |       0 |   0.0
            +---------+---------+-------+---------+---------+-------
        D:1 |      19 |       0 |   0.0 |      11 |       0 |   0.0
            +---------+---------+-------+---------+---------+-------
